AoeStats
← 小 孩

African Clearing

503111729Analyzed
4v4 RM · 1mo ago on Aug 30, 2026· 20m 13s· 8 players
Game mode
Random Map
Map size
Large (8 player)
Population
200
Speed
Normal
Resources
Standard
Victory
Conquest
Starting age
Dark Age
Ending age
Dark Age
RankedLock teamsTeams togetherTeam positionsShared explorationLock speedFull tech treeHidden civsTurbo modeCheats
Victory
Defeat
🇨🇳 Ethiopians · China
1391
+13
🇨🇳 Georgians · China
1323
+16
🇭🇰 Burgundians · Hong Kong SAR China
1310
+17
🇭🇰 Huns · Hong Kong SAR China
1226
+21
🇪🇸 Cumans · Spain
1461
-22
🇦🇷 Vikings · Argentina
1327
-17
🇨🇳 Lithuanians · China
1297
-15
🇨🇳 Bulgarians · China
1233
-12
灯笼
11:40 Feudal Age
12:12 Double-Bit Axe
14:31 Loom
15:02 Forging
沉香
13:44 Feudal Age
14:43 Double-Bit Axe
14:58 Loom
17:40 Castle Age
15:57 Horse Collar
18:51 Bow Saw
小 孩
8:21 Loom
13:00 Feudal Age
13:02 Man-at-Arms
cloud678
2:53 Loom
12:56 Feudal Age
17:56 Castle Age
15:57 Double-Bit Axe
18:22 Town Watch
18:51 Bow Saw
神秘
9:26 Loom
11:46 Feudal Age
17:13 Fletching
BiliBili风间
10:55 Feudal Age
12:45 Fletching
14:56 Loom
19:09 Double-Bit Axe
孤城遥望玉门关
12:03 Feudal Age
15:43 Castle Age
14:02 Double-Bit Axe
15:11 Horse Collar
16:00 Town Watch
17:08 Bow Saw
18:55 Loom
iM 我要打十个
3:06 Loom
14:06 Feudal Age
21:40 Castle Age
Connection lost

Rejoining the realm…

Still unreachable

The connection could not be restored.

Session expired

The server has moved on; the page needs a fresh start.